 Dungeon Crawl Stone Soup version 0.23-a0-516-g0f8c245 (webtiles) character file.

322 galech the Covered (level 6, -3/48 HPs)
             Began as a Demonspawn Fighter on Dec 5, 2018.
             Slain by an orc wizard
             ... wielding a +2 dagger of draining
              (5 damage)
             ... on level 3 of the Dungeon.
             The game lasted 00:02:26 (2224 turns).

galech the Covered (Demonspawn Fighter)             Turns: 2224, Time: 00:02:28

Health: -3/48      AC:  9    Str: 16    XL:     6   Next: 22%
Magic:  6/6        EV:  7    Int:  9    God:
Gold:   129        SH:  9    Dex: 15    Spells: 5/5 levels left

rFire    . . .     SeeInvis .   a - +0 war axe
rCold    . . .     Gourm    .   c - +0 shield
rNeg     . . .     Faith    +   b - +0 scale mail
rPois    .         Spirit   .   o - +0 helmet
rElec    .         Reflect  .   (no cloak)
rCorr    .         Harm     .   (no gloves)
MR       .....                  (no boots)
Stlth    ..........             n - amulet of faith
HPRegen  0.16/turn              (no ring)
MPRegen  0.10/turn              (no ring)

@: slowed, drained, very slow
A: hooves 2, rugged brown scales 1, powered by death 1
a: no special abilities


You were on level 3 of the Dungeon.
You were not hungry.

You visited 1 branch of the dungeon, and saw 3 of its levels.

You collected 129 gold pieces.

Inventory:

Hand Weapons
 a - a +0 war axe (weapon)
Armour
 b - a +0 scale mail (worn)
 c - a +0 shield (worn)
 o - a +0 helmet (worn)
Jewellery
 n - an amulet of faith (around neck)
 p - an uncursed ring of protection from magic {unknown}
Wands
 q - a wand of disintegration (8)
Scrolls
 e - a scroll of immolation {unknown}
 h - 2 scrolls of teleportation {unknown}
 j - a scroll of magic mapping {unknown}
 l - 4 scrolls of identify {unknown}
Potions
 d - a potion of mutation {unknown}
 i - 3 potions of heal wounds {unknown}
 k - 3 potions of haste {unknown}
 m - a potion of flight {unknown}
Comestibles
 f - 7 rations
 g - 4 chunks of flesh


   Skills:
 + Level 3.5(3.3) Fighting
 + Level 3.8(3.6) Axes
 + Level 4.0(3.8) Armour
 + Level 1.3(1.1) Dodging
 + Level 0.3(0.1) Stealth
 + Level 3.5(3.3) Shields


You had 5 spell levels left.
You didn't know any spells.
Your spell library was empty.

Dungeon Overview and Level Annotations

Branches:
Dungeon (3/15)

Altars:
Nemelex Xobeh
Yredelemnul


Innate Abilities, Weirdness & Mutations

You have hoof-like feet.
You are partially covered in rugged brown scales. (AC +1, +3% HP)
You regenerate a little health from kills.


Message History

The orc priest barely misses you. The hobgoblin barely misses you.
You hit the orc priest. You kick the orc priest!
The orc priest is severely wounded.
You closely miss the orc wizard. You hit the hobgoblin but do no damage.
You hit the orc wizard. You block the orc wizard's attack.
The orc wizard casts a spell at you. The puff of flame hits you!
* * * LOW HITPOINT WARNING * * *
The orc priest calls upon Beogh to heal the orc wizard.
The orc wizard's wounds heal themselves!
The hobgoblin hits you but does no damage.
The orc wizard hits you with a +0 dagger.
* * * LOW HITPOINT WARNING * * *
The orc wizard gestures at you while chanting.
The magic dart hits you!
The orc priest hits you with a +0 trident.
* * * LOW HITPOINT WARNING * * *
The hobgoblin hits you but does no damage.
The orc wizard hits you with a +2 dagger of draining.
You die...

#...####....#..#
##....####....#...
####................#
.....................
#...................
#........#####.##..#
##........##........#
#..#.........##.##.##..#
......o@...........# .#
......oog†.........# #
.............##.#..#
.#.....?...#.##.#..#
#...........##.#..#
.............##.#..#
.............##.#..#
.##.............#..#
#...#............#


You could see an orc priest, 2 orc wizards and a hobgoblin.

Vanquished Creatures
  Sigmund (D:2)
  An orc priest (D:3)
  2 orc wizards (D:2)
  An adder (D:2)
  4 worms
  2 leopard geckos
  2 orcs (D:3)
  A ball python (D:1)
  6 giant cockroaches
  3 goblins
  7 hobgoblins
  8 jackals (D:2)
  2 quokkas
  4 bats
  3 frilled lizards (D:1)
  8 kobolds
  5 rats
60 creatures vanquished.

Vanquished Creatures (others)
  8 toadstools (D:3)
8 creatures vanquished.

Grand Total: 68 creatures vanquished

Notes
Turn   | Place    | Note
-------+----------+-------------------------------------------
     0 | D:1      | galech the Demonspawn Fighter began the quest for the Orb.
     0 | D:1      | Reached XP level 1. HP: 18/18 MP: 1/1
   212 | D:1      | Gained mutation: You have large cloven feet. [demonic
                  | ancestry]
   212 | D:1      | Reached XP level 2. HP: 24/24 MP: 2/2
   500 | D:1      | Reached skill level 3 in Armour
   692 | D:2      | Gained mutation: You regenerate a little health from kills.
                  | [demonic ancestry]
   692 | D:2      | Reached XP level 3. HP: 19/29 MP: 3/3
  1073 | D:2      | Noticed Sigmund
  1082 | D:2      | Killed Sigmund
  1082 | D:2      | Reached skill level 1 in Dodging
  1082 | D:2      | Gained mutation: You are partially covered in rugged brown
                  | scales. (AC +1, +3% HP) [demonic ancestry]
  1082 | D:2      | Reached XP level 4. HP: 12/36 MP: 4/4
  1082 | D:2      | Gained mutation: You have hoof-like feet. [demonic
                  | ancestry]
  1082 | D:2      | Reached XP level 5. HP: 14/42 MP: 5/5
  1559 | D:2      | Found a sparkling altar of Nemelex Xobeh.
  1945 | D:2      | Reached skill level 4 in Armour
  2090 | D:2      | Reached XP level 6. HP: 38/48 MP: 6/6
  2175 | D:3      | Found a basalt altar of Yredelemnul.
  2224 | D:3      | HP: 2/48 [orc priest/+0 trident (2)]
  2224 | D:3      | Slain by an orc wizard

Vault maps used:
D:1:      shiori_arrival_maze, minmay_misc_feat_square
D:2:      nemelex_altar_shiori, uniq_sigmund
D:3:      cheibrodos_fertilizer, yredelemnul_altar_generic,
          gammafunk_temple_overflow_claw, first_ration, eino_tiny_chamber,
          kennysheep_nondescript

Skill      XL: |  1  2  3  4  5 |
---------------+----------------+-----
Axes           | 2 3 |  3.8
Shields        | 3 |  3.5
Armour         | 3 4 |  4.0
Dodging        | 1 |  1.3
Fighting       | |  3.5
Stealth        | |  0.3

Action                   |  1- 3 |  4- 6 || total
-------------------------+-------+-------++-------
Melee: War axe           |   109 |    47 ||   156
       Kick              |    20 |    12 ||    32
  Use: Potion            |     1 |       ||     1
  Eat: Chunk             |     1 |     3 ||     4
Armor: Scale mail        |    63 |    45 ||   108
Dodge: Dodged            |    22 |    13 ||    35
Block: Shield            |    42 |    28 ||    70

Table legend:
 A = Non-vault XP
 B = Vault XP
 C = Vault XP percentage of total XP
 D = Non-vault monster count
 E = Vault monster count
 F = Vault count percentage of total count
                 A         B        C        D         E       F
            +---------+---------+-------+---------+---------+-------
      Total |     234 |     226 |  49.1 |      57 |       3 |   5.0
            +---------+---------+-------+---------+---------+-------
        D:1 |      33 |       3 |   8.3 |      19 |       2 |   9.5
        D:2 |     140 |     223 |  61.4 |      29 |       1 |   3.3
        D:3 |      61 |       0 |   0.0 |       9 |       0 |   0.0
            +---------+---------+-------+---------+---------+-------
